Map: Triton LE

Players

puCK (Nina) - Winner!

  • Race: Protoss Protoss
  • League: Grandmaster
  • Spawn Location: 11:00

Vindicta

  • Race: Terran Terran
  • League: Master
  • Spawn Location: 5:00

Event: Cheeseadelphia XI, Cheeseadelphia XI

VOD

Have the link to the VOD?

Description

Time

  • Played on: Dec. 15, 2019, 11:28 a.m.
  • Length: 9:38

All games in this series

Show
View Real Time Build Order
Export as new Build Order

puCK Protoss - Winner!

Build Orders: 1 Gate Expand, Blink Stalkers 

Get SALT Encoding   

  12  0:00  Probe  
  13  0:13  Probe  
  14  0:17  Pylon  
  14  0:25  Probe  
  15  0:36  Gateway  
  15  0:37  Probe (Chrono Boost)  
  16  0:48  Probe (Chrono Boost)  
  16  0:49  Assimilator  
  17  0:52  Probe (Chrono Boost)  
  18  1:04  Probe  
  19  1:16  Probe  
  20  1:26  Cybernetics Core  
  20  1:35  Nexus  
  20  1:43  Pylon  
  20  1:45  Probe  
  21  1:50  Assimilator  
  21  1:57  Probe  
  21  2:00  Adept (Chrono Boost)  
  24  2:09  Probe, Warp Gate  
  25  2:21  Probe  
  26  2:28  Stalker  
  28  2:33  Probe  
  29  2:41  Twilight Council  
  29  2:47  Probe x2 (Chrono Boost)  
  31  2:57  Stalker  
  35  2:59  Probe (Chrono Boost)  
  35  3:03  Probe (Chrono Boost)  
  35  3:06  Gateway  
  35  3:08  Probe (Chrono Boost)  
  35  3:09  Probe (Chrono Boost)  
  37  3:18  Blink (Chrono Boost)  
  39  3:21  Probe (Chrono Boost)  
  39  3:22  Probe (Chrono Boost)  
  39  3:25  Probe (Chrono Boost)  
  39  3:27  Pylon  
  39  3:29  Probe  
  43  3:39  Probe  
  42  3:45  Probe (Chrono Boost)  
  44  3:57  Probe (Chrono Boost)  
  44  3:58  Probe (Chrono Boost)  
  44  4:01  Stalker x2  
  49  4:05  Pylon  
  49  4:07  Probe x2 (Chrono Boost)  
  49  4:08  Nexus  
  51  4:17  Pylon, Probe  
  51  4:18  Probe  
  53  4:29  Probe  
  53  4:30  Stalker, Probe  
  53  4:31  Stalker  
  59  4:34  Gateway  
  59  4:37  Gateway  
  59  4:46  Probe x2  
  59  4:47  Gateway  
  61  4:54  Stalker  
  61  4:56  Stalker  
  61  4:58  Probe  
  66  5:00  Gateway  
  66  5:02  Gateway  
  66  5:04  Probe  
  65  5:10  Charge (Chrono Boost)  
  65  5:19  Stalker x2  
  69  5:23  Pylon  
  64  5:37  Stalker x2  
  64  5:38  Probe  
  64  5:40  Probe  
  64  5:41  Probe  
  71  5:42  Stalker  
  71  5:43  Stalker x2  
  76  5:50  Probe  
  76  5:52  Probe  
  76  5:53  Probe  
  78  6:04  Probe  
  76  6:13  Probe  
  76  6:15  Probe  
  64  6:20  Probe  
  64  6:24  Sentry x2  
  69  6:26  Probe  
  70  6:35  Probe  
  70  6:37  Probe  
  72  6:45  Probe  
  71  6:47  Probe (Chrono Boost)  
  71  6:48  Zealot x3  
  71  6:49  Zealot x4  
  71  6:52  Forge  
  71  6:54  Forge  
  86  6:55  Probe (Chrono Boost), Gateway x2  
  86  6:58  Pylon  
  86  6:59  Pylon x2  
  86  7:00  Probe (Chrono Boost)  
  89  7:01  Probe (Chrono Boost)  
  89  7:04  Pylon  
  89  7:07  Probe (Chrono Boost)  
  90  7:13  Probe (Chrono Boost)  
  91  7:17  Zealot x4  
  99  7:29  Protoss Ground Armor Level 1 (Chrono Boost)  
  87  7:31  Protoss Ground Weapons Level 1 (Chrono Boost)  
  87  7:36  Probe  
  80  7:37  Zealot x4  
  80  7:38  Zealot x3  
  80  7:39  Probe  
  96  7:45  Templar Archives  
  96  7:50  Probe (Chrono Boost)  
  95  7:53  Probe (Chrono Boost)  
  95  7:57  Probe (Chrono Boost), Assimilator  
  96  7:59  Assimilator, Zealot x2  
  96  8:03  Probe (Chrono Boost)  
  96  8:04  Probe (Chrono Boost)  
  102  8:08  Zealot x4  
  102  8:10  Probe (Chrono Boost)  
  102  8:12  Probe x2 (Chrono Boost)  
  113  8:16  Assimilator  
  113  8:17  Probe  
  113  8:18  Assimilator  
  114  8:21  Probe x2  
  114  8:26  Zealot x3  
  122  8:30  Pylon  
  122  8:33  Pylon  
  122  8:34  Pylon  
  122  8:39  Probe  
  122  8:40  Pylon, Probe  
  124  8:49  High Templar x3  
  124  8:50  High Templar  
  124  8:51  Zealot x4  
  124  8:54  Archon x2  
  124  8:55  Zealot  
  140  8:59  Pylon  
  140  9:00  Pylon  
  122  9:19  Zealot x5  
Show
View Real Time Build Order
Export as new Build Order

Vindicta Terran 

Build Orders: Reaper Expand 

Get SALT Encoding   

  12  0:00  SCV  
  13  0:12  SCV  
  14  0:17  Supply Depot  
  14  0:24  SCV  
  15  0:39  SCV  
  15  0:40  Barracks  
  16  0:43  Refinery  
  16  0:51  SCV  
  17  1:03  SCV  
  18  1:15  SCV  
  19  1:28  Reaper  
  19  1:29  Orbital Command  
  20  1:46  Command Center  
  20  1:55  Supply Depot  
  20  1:56  SCV  
  20  2:00  Marine  
  22  2:08  SCV  
  23  2:12  Factory  
  23  2:20  SCV  
  23  2:21  Barracks Reactor  
  24  2:25  Refinery  
  24  2:32  SCV  
  24  2:34  Bunker  
  25  2:44  SCV  
  26  2:56  SCV  
  26  2:57  Orbital Command  
  27  2:59  Marine x2  
  27  3:00  Widow Mine  
  31  3:07  Starport  
  31  3:13  SCV  
  31  3:17  Marine x2  
  34  3:23  SCV  
  34  3:25  SCV, Supply Depot  
  38  3:27  Widow Mine  
  38  3:35  SCV, Marine  
  38  3:37  SCV  
  40  3:43  Marine  
  40  3:44  Medivac  
  40  3:47  SCV  
  44  3:49  SCV  
  45  3:59  Factory Tech Lab, SCV  
  45  4:02  SCV, Supply Depot  
  47  4:03  Marine x2  
  47  4:04  Barracks  
  47  4:06  Liberator  
  49  4:10  Refinery  
  49  4:11  SCV  
  49  4:14  SCV  
  51  4:19  Siege Tank  
  51  4:23  SCV  
  58  4:29  Supply Depot, Marine  
  58  4:30  SCV  
  60  4:37  Barracks  
  60  4:39  SCV  
  60  4:42  SCV  
  60  4:44  Engineering Bay  
  62  4:51  SCV, Marine  
  62  4:52  Supply Depot  
  64  4:54  SCV, Siege Tank  
  64  4:56  Liberator  
  68  5:03  SCV  
  68  5:07  SCV  
  70  5:11  Barracks Tech Lab  
  73  5:15  Supply Depot x2  
  73  5:16  Terran Infantry Weapons Level 1  
  73  5:17  SCV  
  73  5:19  SCV  
  73  5:20  Marine  
  72  5:29  SCV  
  72  5:31  SCV  
  72  5:33  Marine  
  70  5:36  Stimpack  
  70  5:42  SCV, Refinery, Marine x2  
  65  5:43  Combat Shield, SCV  
  65  5:44  Factory Tech Lab, Marauder  
  68  5:51  Marine  
  68  5:55  SCV  
  70  5:57  Starport Reactor  
  70  5:58  SCV  
  70  5:59  Marine  
  70  6:00  Marine  
  67  6:05  Marauder  
  67  6:09  Marine  
  67  6:11  SCV  
  67  6:15  SCV  
  67  6:17  Marine  
  67  6:18  Marauder  
  67  6:23  SCV  
  63  6:26  Marine  
  63  6:27  Marine  
  63  6:28  SCV  
  63  6:31  Siege Tank  
  63  6:35  Marine  
  63  6:39  Marine  
  56  6:41  SCV  
  56  6:44  Marine  
  58  6:47  Medivac  
  58  6:50  Medivac  
  58  6:51  Marine  
  63  6:57  Supply Depot  
  63  6:58  SCV x2  
  63  7:01  Marauder  
  66  7:02  Concussive Shells  
  66  7:07  Siege Tank  
  66  7:08  Marine  
  69  7:10  SCV x2  
  69  7:11  Marauder, Marine  
  70  7:22  SCV, Marauder  
  73  7:26  Marine  
  73  7:29  Marine  
  68  7:32  Marine  
  63  7:41  Terran Infantry Armor Level 1  
  63  7:42  Siege Tank  
  63  7:43  Marine  
  63  7:44  Marine  
  67  7:46  Marine  
  70  7:54  Barracks  
  70  7:55  Barracks  
  70  7:56  Refinery  
  70  7:59  SCV x2  
  70  8:01  Marauder, Marine  
  70  8:04  Marine  
  70  8:05  Medivac  
  78  8:08  Marine  
  78  8:09  Medivac  
  78  8:12  SCV  
  81  8:18  Supply Depot  
  81  8:19  Marine  
  81  8:22  Marine  
  81  8:24  Supply Depot, Marine  
  81  8:26  Supply Depot, Siege Tank  
  86  8:30  Marauder  
  88  8:35  SCV  
  88  8:37  Marine  
  88  8:40  Marine  
  91  8:41  Marine  
  91  8:42  Marine x2  
  94  8:51  Marine  
  94  8:55  Marine  
  96  8:57  Medivac x2  
  96  8:58  Marine  
  96  8:59  Siege Tank, Marine x2  
  96  9:00  Marine  
  107  9:08  Marine  
  107  9:13  Marine  
  107  9:15  Marine  
  107  9:17  Marine x2  
Tags
 
Add a new tag
Caveats
  • Supply blocks, unpowered buildings, or Contaminate may cause inaccurate times.
  • Supply counts are checked every 10 seconds.